 Seeded DCSS version 0.30.0-5-g1a98f26d00 (webtiles) character file.

Game seed: 20230508 (custom seed)

58 Kazon the Conjurer (level 4, -4/27 HPs)
             Began as an Octopode Conjurer on May 8, 2023.
             Slain by Terence
             ... wielding a +0 flail
              (7 damage)
             ... on level 2 of the Dungeon.
             The game lasted 00:06:28 (866 turns).

Kazon the Conjurer (Octopode Conjurer)               Turns: 866, Time: 00:06:28

Health: -4/27      AC:  1    Str:  8    XL:     4   Next: 1%
Magic:  6/7        EV: 13    Int: 20    God:
Gold:   63         SH:  0    Dex: 10    Spells: 4/7 levels left

rFire   . . .        e - +0 dagger (vamp)
rCold   . . .        (no shield)
rNeg    . . .        (helmet restricted)
rPois   .            (no amulet)
rElec   .            (no ring)
rCorr   .            (no ring)
SInv    .            (no ring)
Will    .....        (no ring)
Stlth   +++          (no ring)
HPRegen 0.24/turn    (no ring)
MPRegen 0.10/turn    (no ring)
                     (no ring)

%: no passive effects
@: no status effects
A: almost no armour, amphibious, 8 rings, camouflage 1, gelatinous body 1,
(nimble swimmer 1), tentacles
a: no special abilities


You were on level 2 of the Dungeon.
You visited 1 branch of the dungeon, and saw 2 of its levels.

You collected 63 gold pieces.

Inventory:

Hand Weapons
 e - a +0 vampiric dagger (weapon)
Missiles
 b - 25 stones
Scrolls
 c - a scroll of immolation {unknown}
 d - 2 scrolls of noise {unknown}
 f - 2 scrolls of enchant weapon {unknown}
Potions
 a - a potion of magic


   Skills:
 + Level 0.1 Fighting
 + Level 0.3 Short Blades
 + Level 2.4 Dodging
 + Level 3.8 Stealth
 + Level 0.9 Unarmed Combat
 + Level 2.0 Spellcasting
 + Level 4.5 Conjurations


You had 4 spell levels left.
You knew the following spells:

 Your Spells              Type           Power      Damage    Failure   Level
a - Magic Dart            Conj           80%        1d7       2%          1
b - Searing Ray           Conj           40%        2d5       3%          2

Your spell library contained the following spells:

 Spells                   Type           Power      Damage    Failure   Level
 Dazzling Flash           Conj/Hex       22%        N/A       19%         3
 Fulminant Prism          Conj/Hex       5%         3d7       52%         4
 Iskenderun's Mystic Bla  Conj/Tloc      11%        2d4       52%         4


Dungeon Overview and Level Annotations

Branches:
Dungeon (2/15)

Altars:

Annotations:
D:2 Terence


Innate Abilities, Weirdness & Mutations

You cannot wear most types of armour.
You are amphibious.
You can wear up to eight rings at the same time.
Your skin changes colour to match your surroundings (Stealth+).
Your rubbery body absorbs attacks. (AC +1, EV +1)
((You are camouflaged when in or above water. (Stealth+)))
You have tentacles for arms and can constrict up to eight enemies at once.


Message History

The rat bites you.
You hit the rat but do no damage.
The rat is heavily wounded.
You constrict the rat.
You kill the rat!
Found an escape hatch in the floor.
Found 11 gold pieces.
b - 25 stones (gained 9)
An endoplasm comes into view.
Terence and a rat come into view.
The helpless endoplasm fails to defend itself.
You puncture the endoplasm!
You kill the endoplasm!
You have reached level 4!
The rat closely misses you.
You hit the rat.
You kill the rat!
Found a stone staircase leading down.
Terence shouts!
Aiming: Magic Dart (safe; 2% risk of failure)
Press: ? - help, Q - select action, (/) - cycle Shift-Dir - straight line, f - Terence
Aim: Terence, wielding a +0 flail and wearing a +0 scale mail (100% to hit)
The magic dart hits Terence but does no damage.
Unknown command.
You closely miss Terence. You grab Terence.
You constrict Terence, but do no damage.
Terence misses you.
You hit Terence but do no damage.
You constrict Terence, but do no damage.
Terence hits you with a +0 flail.
You hit Terence but do no damage.
You constrict Terence, but do no damage.
Terence hits you with a +0 flail!
You hit Terence but do no damage. You constrict Terence.
Terence hits you with a +0 flail!
* * * LOW HITPOINT WARNING * * *
You hit Terence. You squeeze Terence.
Terence is moderately wounded.
You constrict Terence. Terence hits you with a +0 flail!
You die...

.# #......##.......##########
.# #.....#######............#
.###.....# ......>..........#
.........# .................#
.##......#..................#
...........##..##...........#
.†.......###... #...........#
..###....###.#.##...........#
..##..#.##.....@@...#########
...........###.#.#.##
..##....#... # #.#.#
............# ..#.#
............. ...#.#
.......#...........#
.......##... ..>.### ......$#
... ....# .. ...#


You could see Terence.

Vanquished Creatures
  Robin (D:2)
  2 dart slugs (D:1)
  2 ball pythons (D:1)
  5 endoplasms
  2 giant cockroaches (D:1)
  5 hobgoblins (D:2)
  2 jackals (D:1)
  2 quokkas (D:1)
  2 bats (D:1)
  2 frilled lizards (D:1)
  7 goblins
  6 rats
38 creatures vanquished.

Notes
Turn   | Place    | Note
-------+----------+-------------------------------------------
     0 | D:1      | Kazon the Octopode Conjurer began the quest for the Orb.
     0 | D:1      | Reached XP level 1. HP: 11/11 MP: 3/3
   140 | D:1      | Reached XP level 2. HP: 16/17 MP: 0/5
   202 | D:1      | Learned a level 2 spell: Searing Ray
   302 | D:1      | Reached XP level 3. HP: 21/21 MP: 6/6
   652 | D:2      | Noticed Robin
   662 | D:2      | Killed Robin
   849 | D:2      | Noticed Terence
   855 | D:2      | Reached XP level 4. HP: 27/27 MP: 7/7
   866 | D:2      | Slain by Terence

Illustrated notes

Levels and vault maps discovered:
D:1:      lordsloth_arrival_two_stooges, layout_rooms, serial_forest,
          infiniplex_forest_straight_1, infiniplex_forest_diagonal,
          infiniplex_forest_clump_medium, infiniplex_forest_end_3,
          infiniplex_forest_lined_room_2, infiniplex_forest_lined_4_way,
          infiniplex_forest_lined_room_2
D:2:      layout_rooms, uniq_terence, uniq_robin

Skill      XL: |  1  2 |
---------------+-------+-----
Stealth        | 3 |  3.8
Fighting       | |  0.1
Short Blades   | |  0.3
Dodging        | |  2.4
Unarmed Combat | |  0.9
Spellcasting   | |  2.0
Conjurations   | |  4.5

Action                     |  1- 3 |  4- 6 || total
---------------------------+-------+-------++-------
  Melee: Unarmed           |    33 |       ||    33
         Constrict         |    15 |     1 ||    16
         Tentacles         |    17 |     1 ||    18
         Dagger            |    32 |     6 ||    38
  Throw: Stone             |     1 |       ||     1
   Cast: Magic Dart        |    17 |     1 ||    18
         Searing Ray       |     1 |       ||     1
   Stab: Sleeping          |    17 |       ||    17
  Dodge: Dodged            |    31 |     2 ||    33
